 Dungeon Crawl Stone Soup version 0.19-a0-854-gc78d25d (webtiles) character file.

21 Implojin the Chopper (level 2, -1/26 HPs)
             Began as a Minotaur Fighter on July 1, 2016.
             Slain by Prince Ribbit (3 damage)
             ... on level 5 of the Dungeon.
             The game lasted 00:01:04 (231 turns).

Implojin the Chopper (Minotaur Fighter)              Turns: 231, Time: 00:01:04

Health: -1/26      AC:  5    Str: 25    XL:     2   Next: 62%
Magic:  1/1        EV:  8    Int:  5    God:
Gold:   10         SH: 10    Dex: 12    Spells: 0 memorised, 1 level left

rFire  . . .     SeeInvis .     a - +0 war axe
rCold  . . .     Gourm    .     g - +0 ring mail
rNeg   . . .     Faith    .     c - +0 shield
rPois  .         Spirit   .     (helmet restricted)
rElec  .         Dismiss  .     (no cloak)
rCorr  .         Reflect  .     (no gloves)
SustAt .         Harm     .     (no boots)
MR     .....                    (no amulet)
Stlth  +.........               (no ring)
                                e - +3 ring of dexterity

@: mighty, not resistant to hostile enchantments, very unstealthy
A: retaliatory headbutt, horns 2
a: no special abilities


You were on level 5 of the Dungeon.
You were not hungry.

You visited 1 branch of the dungeon, and saw 5 of its levels.

You collected 10 gold pieces.

Inventory:

Hand Weapons
 a - a +0 war axe (weapon)
Armour
 b - a +0 scale mail
 c - a +0 shield (worn)
 g - a +0 ring mail (worn)
Jewellery
 e - a +3 ring of dexterity (left hand)
Wands
 k - a wand of flame (41/48)
Scrolls
 j - a scroll of random uselessness {unknown}
Potions
 h - a potion of berserk rage {unknown}
 i - a potion of brilliance {unknown}
Comestibles
 f - a bread ration
 l - a royal jelly


   Skills:
 - Level 3.6 Fighting
 * Level 3.9 Axes
 - Level 3.6 Armour
 - Level 3.6 Shields


You had one spell level left.
You didn't know any spells.

Dungeon Overview and Level Annotations

Branches:
Dungeon (5/15)
 Temple: D:4-7

Altars:

Annotations:
D:5 Prince Ribbit


Innate Abilities, Weirdness & Mutations

You reflexively headbutt those who attack you in melee.
You have a pair of horns on your head.


Message History

You climb downwards.
Found a forked ivory wand.
There is a stone staircase leading up here.
Unknown command.
k - a wand of flame
Found a royal jelly.
l - a royal jelly Prince Ribbit comes into view.
Prince Ribbit blinks!
You feel very mighty all of a sudden. You block Prince Ribbit's attack. x2
Unknown command.
Unknown command.
You closely miss Prince Ribbit.
Prince Ribbit hops awkwardly around.
Prince Ribbit hits you but does no damage.
Prince Ribbit hits you!
Unknown command.
You hit Prince Ribbit.
Prince Ribbit is lightly wounded.
Prince Ribbit blinks!
Unknown command.
You miss Prince Ribbit. Your headbutt misses Prince Ribbit.
Prince Ribbit is lightly wounded.
You block Prince Ribbit's attack.
Prince Ribbit blinks!
Prince Ribbit catches a fly with his tongue.
You block Prince Ribbit's attack.
You closely miss Prince Ribbit.
Prince Ribbit is lightly wounded.
Prince Ribbit barely misses you. You furiously retaliate!
You headbutt Prince Ribbit!
Prince Ribbit blinks!
Prince Ribbit blinks!
You block Prince Ribbit's attack.
Your shield prevents you from hitting Prince Ribbit.
Prince Ribbit is heavily wounded.
Prince Ribbit hits you!
Ouch! That really hurt!
* * * LOW HITPOINT WARNING * * *
Prince Ribbit hits you.
You die...

.# .# ###.# ##
....############ ..
###......#.......#### .#
......##.#..........##.#
......##.#........#....#
.....#..........F...##.#
###..#.#.#......@#### .#
.........#.......# ..
##...............# .#
#.###.....####### # #.
###.#.# #. #.#.# #.
#.#.# ....# .....


You could see Prince Ribbit.

Vanquished Creatures
  An adder (D:4)
  3 bats
  A goblin (D:1)
  2 hobgoblins (D:1)
  2 quokkas
  2 rats
11 creatures vanquished.

Notes
Turn   | Place    | Note
-------+----------+-------------------------------------------
     0 | D:1      | Implojin the Minotaur Fighter began the quest for the Orb.
     0 | D:1      | Reached XP level 1. HP: 19/19 MP: 0/0
    56 | D:1      | Reached skill level 3 in Axes
   150 | D:3      | Reached XP level 2. HP: 24/26 MP: 1/1
   197 | D:5      | Entered Level 5 of the Dungeon
   221 | D:5      | Noticed Prince Ribbit
   231 | D:5      | Slain by Prince Ribbit

Vault maps used:
D:1:      noname_arrival_rooms_in_the_neighbourhood
D:2:      hangedman_decor_points, minmay_stone_trees_large,
          kennysheep_generic_room_9, uniq_crazy_yiuf_cottage
D:3:      uniq_grinder
D:4:      minmay_wonky_spiral, gammafunk_temple_overflow_wave,
          lemuel_round_altar, first_bread
D:5:      uniq_menkaure, uniq_sigmund, uniq_prince_ribbit1, uniq_duvessa

Skill      XL: |  1 |
---------------+----+-----
Axes           | 3 |  3.9
Fighting       | |  3.6
Armour         | |  3.6
Shields        | |  3.6

Action                   || total
-------------------------++-------
Melee: War axe           ||    13
  Use: Potion            ||     1
Armor: Scale mail        ||    21
       Ring mail         ||     2
Dodge: Dodged            ||    20
Block: Shield            ||    25

Table legend:
 A = Turns spent in this place as a percentage of turns spent in the entire game.
 B = Non-inter-level travel turns spent in this place as a percentage of non-inter-level travel turns spent in the entire game.
 C = Inter-level travel turns spent in this place as a percentage of turns spent in this place.
 D = Turns resting spent in this place as a percentage of non-inter-level travel turns spent in this place.
 E = Turns spent auto-exploring this place as a percentage of non-inter-level travel turns spent in this place.
 F = Non-inter-level travel turns spent in this place divided by the number of levels of this place that you've seen.
                   A       B       C       D       E      F
               +-------+-------+-------+-------+-------+----------------------
         Total | 100.0 | 100.0 |   0.0 |   0.0 |   0.0 |  44.4
       Dungeon | 100.0 | 100.0 |   0.0 |   0.0 |   0.0 |  44.4
               +-------+-------+-------+-------+-------+----------------------

Table legend:
 A = Kills in this place as a percentage of kills in entire the game.
 B = Kills by you in this place as a percentage of kills by you in the entire game.
 C = Kills by friends in this place as a percentage of kills by friends in the entire game.
 D = Other kills in this place as a percentage of other kills in the entire game.
 E = Experience gained in this place as a percentage of experience gained in the entire game.
 F = Experience gained in this place divided by the number of levels of this place that you have seen.
                   A       B       C       D       E      F
               +-------+-------+-------+-------+-------+----------------------
         Total | 100.0 | 100.0 |  -nan |  -nan | 100.0 |   6.0
       Dungeon | 100.0 | 100.0 |  -nan |  -nan | 100.0 |   6.0
               +-------+-------+-------+-------+-------+----------------------
